 Dungeon Crawl Stone Soup version 0.18.1-8-gdd0e5ea (webtiles) character file.

574 Heskey the Skirmisher (level 7, 0/72 HPs)
             Began as a Minotaur Fighter on June 1, 2016.
             Shot with an arrow by a centaur (4 damage)
             ... on level 5 of the Dungeon.
             The game lasted 00:04:47 (3348 turns).

Heskey the Skirmisher (Minotaur Fighter)            Turns: 3348, Time: 00:04:49

Health: 0/72       AC:  8    Str: 23      XL:     7   Next: 12%
Magic:  6/6        EV:  7    Int:  5      God:
Gold:   205        SH: 10    Dex:  7 (9)  Spells: 0 memorised, 6 levels left

rFire  . . .     SeeInvis .     a - +0 flail
rCold  . . .     Gourm    .     b - +0 scale mail
rNeg   . . .     Faith    .     c - +1 shield
rPois  .         Spirit   .     (helmet restricted)
rElec  .         Dismiss  .     (no cloak)
rCorr  +         Reflect  .     (no gloves)
SustAt .         Harm     .     n - +0 pair of boots
MR     +....                    (no amulet)
Stlth  ..........               s - ring of resist corrosion
                                m - ring of protection from magic

@: very slightly contaminated, somewhat resistant to hostile enchantments,
extremely unstealthy
A: retaliatory headbutt, hooves 1, horns 2, deterioration 1, robust 1
a: no special abilities


You were on level 5 of the Dungeon.
You were not hungry.

You visited 1 branch of the dungeon, and saw 5 of its levels.

You collected 205 gold pieces.

Inventory:

Hand Weapons
 a - a +0 flail (weapon)
Armour
 b - a +0 scale mail (worn)
 c - a +1 shield (worn)
 n - a +0 pair of boots (worn)
Jewellery
 m - a ring of protection from magic (left hand)
 s - a ring of resist corrosion (right hand)
Wands
 u - a wand of digging (11/24)
Scrolls
 i - 3 scrolls of remove curse
 k - a scroll of enchant armour
 o - 4 scrolls of identify
 r - a scroll of amnesia
Potions
 j - a potion of resistance
Comestibles
 f - 4 bread rations
 g - 3 meat rations
 l - a beef jerky


   Skills:
 * Level 7.3 Fighting
 + Level 5.1 Maces & Flails
 + Level 5.9 Armour
 - Level 3.6 Shields


You had 6 spell levels left.
You didn't know any spells.

Dungeon Overview and Level Annotations

Branches:
Dungeon (5/15)
 Temple: D:4-7

Altars:
Elyvilon
Gozag
Kikubaaqudgha
Pakellas
Qazlal
The Shining One

Annotations:
D:4 Prince Ribbit


Innate Abilities, Weirdness & Mutations

You reflexively headbutt those who attack you in melee.
You have a pair of horns on your head.
You have large cloven feet.
Your body sometimes deteriorates upon taking damage.
You are robust (+10% HP).


Message History

Unknown command.
Evoke which item? (* to show all) (? for menu, Esc to quit)
Zapping:
u - a wand of digging (12/24)
Press: ? - help, Shift-Dir - straight line The rock shatters into small pieces.
This wand has 11 charges left.
The centaur wields a shortbow.
The centaur shoots an arrow.
The arrow hits you but does no damage.
The centaur shoots an arrow.
You block the arrow.
The centaur shoots an arrow.
You block the arrow.
You see here an arrow.
The centaur shoots an arrow.
The arrow hits you.
* * * LOW HITPOINT WARNING * * *
You see here an arrow.
The centaur shoots an arrow.
You block the arrow.
The centaur shoots an arrow.
You block the arrow.
You see here 2 arrows.
The centaur shoots an arrow.
You block the arrow.
You see here an arrow.
The centaur shoots an arrow.
The arrow hits you.
You die...

#....# ## #....#
.##.. ....#
..c.=.##c.####...
[.......c......#
....#####(######
. #.# #.# #@# #(#
#(# #(# #.# ###


You could see 2 centaurs.

Vanquished Creatures
  Grinder (D:3)
  A phantom (D:4)
  2 howler monkeys (D:4)
  A hound (D:4)
  2 orc wizards (D:4)
  Robin (D:3)
  5 adders
  An ooze (D:4)
  2 worms
  2 dart slugs
  2 giant geckos
  10 orcs (D:4)
  9 bats
  A giant cockroach (D:2)
  10 goblins
  9 hobgoblins
  4 giant newts
  A jackal skeleton (D:4)
  7 kobolds
  7 rats
78 creatures vanquished.

Notes
Turn   | Place    | Note
--------------------------------------------------------------
     0 | D:1      | Heskey the Minotaur Fighter began the quest for the Orb.
     0 | D:1      | Reached XP level 1. HP: 19/19 MP: 0/0
   249 | D:1      | Reached XP level 2. HP: 27/27 MP: 1/1
   646 | D:2      | Reached skill level 4 in Fighting
   819 | D:2      | Reached XP level 3. HP: 18/33 MP: 2/2
  1119 | D:2      | Found an oddly glowing altar of Pakellas.
  1643 | D:3      | Reached XP level 4. HP: 40/41 MP: 3/3
  1672 | D:3      | Noticed Grinder
  1688 | D:3      | HP: 2/41 [Grinder/nerve-wracking pain (7)]
  2074 | D:3      | Found a white marble altar of Elyvilon.
  2105 | D:3      | Noticed Robin
  2132 | D:3      | Killed Robin
  2132 | D:3      | Reached skill level 5 in Fighting
  2164 | D:3      | Found an opulent altar of Gozag.
  2223 | D:3      | Found an ancient bone altar of Kikubaaqudgha.
  2555 | D:3      | Killed Grinder
  2555 | D:3      | Reached skill level 6 in Fighting
  2555 | D:3      | Reached skill level 5 in Armour
  2555 | D:3      | Reached XP level 5. HP: 40/50 MP: 4/4
  2555 | D:3      | Reached XP level 6. HP: 46/57 MP: 5/5
  2888 | D:4      | Found a glowing golden altar of the Shining One.
  2906 | D:4      | Reached skill level 7 in Fighting
  2906 | D:4      | Reached skill level 5 in Maces & Flails
  3156 | D:4      | Reached XP level 7. HP: 62/66 MP: 6/6
  3172 | D:4      | Found a stormy altar of Qazlal.
  3223 | D:5      | Entered Level 5 of the Dungeon
  3223 | D:5      | Noticed Prince Ribbit
  3310 | D:4      | Gained mutation: You have large cloven feet. [potion of mutation]
  3310 | D:4      | Gained mutation: You are robust (+10% HP). [potion of mutation]
  3310 | D:4      | Gained mutation: Your body sometimes deteriorates upon taking damage. [potion of mutation]
  3321 | D:4      | HP: 3/72 [Prince Ribbit (4)]
  3345 | D:5      | HP: 3/72 [centaur/arrow (5)]
  3348 | D:5      | Shot with an arrow by a centaur

Skill      XL: |  1  2  3  4  5  6 |
---------------+-------------------+-----
Armour         | 4 5 |  5.9
Fighting       | 4 6 7 |  7.3
Maces & Flails | 3 4 5 |  5.1
Shields        | |  3.6

Action                   |  1- 3 |  4- 6 |  7- 9 || total
-------------------------+-------+-------+-------++-------
Melee: Flail             |    97 |   123 |    24 ||   244
       Headbutt          |    12 |    16 |     3 ||    31
Evoke: Wand              |       |       |     1 ||     1
  Use: Scroll            |       |     8 |     3 ||    11
       Potion            |       |     7 |     1 ||     8
  Eat: Chunk             |     2 |       |     2 ||     4
       Bread ration      |       |     1 |       ||     1
Armor: Scale mail        |    50 |    64 |    12 ||   126
Dodge: Dodged            |    29 |    39 |     4 ||    72
Block: Shield            |    57 |    62 |    25 ||   144
